 Dungeon Crawl Stone Soup version 0.29.1-2-gbd0b4ee654 (webtiles) character file.

Game seed: 10180551596879473745

32256 yodak the Severer (level 13, -1/115 HPs)
             Began as a Minotaur Berserker on Nov 26, 2022.
             Was a High Priest of Trog.
             Slain by a +2 vorpal war axe (5 damage)
             ... on level 2 of the Orcish Mines.
             The game lasted 01:04:31 (19555 turns).

yodak the Severer (Minotaur Berserker)             Turns: 19555, Time: 01:04:32

Health: -1/115     AC: 20    Str: 29    XL:     13   Next: 30%
Magic:  2/12       EV: 11    Int:  4    God:    Trog [*****.]
Gold:   349        SH:  5    Dex: 11    Spells: 12/12 levels left

rFire   + . .      SeeInvis .   I - +0 battleaxe (vorpal)
rCold   + . .      Faith    .   (shield currently unavailable)
rNeg    + . .      Spirit   .   S - +5 plate armour
rPois   .          Reflect  +   o - +0 hat
rElec   .          Harm     .   r - scarf {rC+ rF+}
rCorr   .          Rampage  .   f - +2 pair of gloves {Str+3}
Will    +....                   k - +0 pair of boots
Stlth   ..........              O - amulet of reflection
HPRegen 0.29/turn               J - ring of positive energy
MPRegen 0.13/turn               y - ring of willpower

@: studying Axes
A: horns 2, retaliatory headbutt, deformed body, frail 1
a: Renounce Religion, Berserk, Trog's Hand, Brothers in Arms


You were on level 2 of the Orcish Mines.
You worshipped Trog.
Trog was extremely pleased with you.
You visited 4 branches of the dungeon, and saw 15 of its levels.

You collected 1447 gold pieces.
You spent 1098 gold pieces at shops.

Inventory:

Hand Weapons
 w - a +4 hand axe of electrocution
 I - a +0 vorpal battleaxe (weapon)
Missiles
 a - 3 atropa-tipped darts (quivered)
 x - a throwing net
Armour
 f - a +2 pair of gloves of strength (worn)
 k - a +0 pair of boots (worn)
 o - a +0 hat (worn)
 r - a scarf of resistance (worn)
 S - a +5 plate armour (worn)
Jewellery
 e - the ring "Iximey" {rC+ Str+2 Int+6}
   (You found it on level 1 of the Orcish Mines)

   [ring of intelligence]

   Str:       It affects your strength (+2).
   Int:       It affects your intelligence (+6).
   rC:        It protects you from cold.
 h - a ring of protection from cold
 y - a ring of willpower (right hand)
 z - a ring of poison resistance
 J - a ring of positive energy (left hand)
 O - an amulet of reflection (around neck)
Wands
 c - a wand of charming (16)
 t - a wand of digging (10)
 D - a wand of flame (27)
 E - a wand of light (17)
 F - a wand of polymorph (3)
 N - a wand of roots (4)
Scrolls
 d - a scroll of magic mapping
 g - 2 scrolls of poison {unknown}
 l - 3 scrolls of butterflies {unknown}
 m - 3 scrolls of immolation
 p - 2 scrolls of vulnerability
 s - 2 scrolls of teleportation
 u - 3 scrolls of amnesia
 A - a scroll of fear {unknown}
 B - 3 scrolls of brand weapon {unknown}
 C - a scroll of summoning {unknown}
 G - a scroll of silence {unknown}
 P - a scroll of acquirement {unknown}
Potions
 i - 3 potions of might
 j - 3 potions of attraction
 n - 2 potions of haste
 q - 2 potions of lignification
 v - 2 potions of brilliance
 H - a potion of berserk rage
 K - a potion of ambrosia
 L - a potion of flight
 M - 2 potions of mutation {unknown}


   Skills:
 + Level 16.1 Fighting
 - Level 16.1 Axes
 + Level 11.5 Armour
 + Level 10.5 Dodging


You had 12 spell levels left.
You didn't know any spells.
Your spell library was empty.

Dungeon Overview and Level Annotations

Branches:
Dungeon (11/15)            Temple (0/1) D:4            Lair (1/5) D:11
    Orc (2/2) D:9             Elf (1/3) Orc:2

Altars:
Elyvilon
Fedhas
Gozag
Qazlal
Trog
Uskayaw
Wu Jian
Xom
Yredelemnul

Shops:
D:3 [   D:9 (   D:10 :   Orc:2 :??*


Innate Abilities, Weirdness & Mutations

You have a pair of horns on your head.
You reflexively headbutt those who attack you in melee.
Armour fits poorly on your strangely shaped body.
You are frail. (-10% HP)


Message History

Trog accepts your kill.
You closely miss the +2 vorpal war axe.
You headbutt the +2 vorpal war axe, but do no damage.
The +2 vorpal war axe hits you but does no damage.
The deep elf zephyrmancer gestures at you while chanting.
The bolt of lightning hits the +2 vorpal war axe.
The +2 vorpal war axe completely resists.
The bolt of lightning hits you!! The bolt of lightning misses you.
You hit the +2 vorpal war axe but do no damage.
Your headbutt misses the +2 vorpal war axe.
The +2 vorpal war axe hits you. x2
* * * LOW HITPOINT WARNING * * *
The deep elf zephyrmancer gestures wildly while chanting.
The deep elf zephyrmancer blinks!
The +2 vorpal war axe attacks as you move away!
The +2 vorpal war axe barely misses you.
The deep elf zephyrmancer gestures wildly while chanting.
The deep elf zephyrmancer blinks!
The +2 vorpal war axe hits you!
* * * LOW HITPOINT WARNING * * *
x2 The +2 vorpal war axe attacks as you move away!
The +2 vorpal war axe hits you but does no damage.
You block the +2 vorpal war axe's attack.
The deep elf zephyrmancer gestures wildly while chanting.
The deep elf zephyrmancer blinks!
The +2 vorpal war axe attacks as you move away!
The +2 vorpal war axe hits you!
* * * LOW HITPOINT WARNING * * *
x2
There is a staircase back to the Mines here.
The +2 vorpal war axe hits you but does no damage. x2
The deep elf zephyrmancer gestures wildly while chanting.
The deep elf zephyrmancer blinks!
You climb upwards.
Welcome back to the Orcish Mines!
There is a staircase to the Elven Halls here.
You feel better. The +2 vorpal war axe hits you.
* * * LOW HITPOINT WARNING * * *
x2 You feel better.
The +2 vorpal war axe hits you!
* * * LOW HITPOINT WARNING * * *
x2 The +2 vorpal war axe hits you.
You die...

.......#....##.
...........#...
..........#....#
..........#..####
.........#....#.#
................
..............#.#
..............####
........##...#.#@##
.........#......(.#
.................##
..................#
.#.......[.[)<...##
.........[)..)...#
......#....[.....#
.#...#...........##
..................#


You could see a +2 vorpal war axe.

Vanquished Creatures
  Josephine (Orc:2)
  The ghost of kalagan the Thaumaturge, a journeyman DECj of Sif Muna (Orc:1)
  A boulder beetle (Lair:1)
  A catoblepas (Lair:1)
  2 ogre magi (Orc:2)
  8 two-headed ogres
  A dancing weapon (Elf:1)
  Amaemon (D:7)
  2 deep trolls
  A lindwurm (Lair:1)
  Pikel (D:4)
  An orc sorcerer (Orc:1)
  A manticore (D:11)
  4 cyclopes
  3 elephants (Lair:1)
  Maggie (D:7)
  4 cane toads (Lair:1)
  2 gargoyles (D:10)
  An orange demon (D:8)
  3 komodo dragons (Lair:1)
  8 trolls
  A dream sheep (Lair:1)
  Prince Ribbit (D:7)
  A blink frog (Lair:1)
  3 shadows (D:9)
  8 yaks (D:10)
  7 wraiths
  3 neqoxecs (Orc:1)
  2 steam dragons
  5 wargs
  5 water moccasins
  Duvessa (D:5)
  A black bear (D:5)
  An ice beast (D:7)
  10 orc warriors
  2 sky beasts
  3 wolves (Lair:1)
  21 ogres
  2 centaurs
  3 lemures
  3 kobold brigands
  A phantom (D:5)
  3 bullfrogs (Lair:1)
  2 gnoll sergeants
  A necrophage (D:8)
  2 scorpions
  24 wights
  Dowan (D:5)
  2 troll zombies (D:9)
  13 killer bees
  5 howler monkeys
  2 quasits (Orc:1)
  3 hounds
  2 jellies
  10 orc priests
  A gnoll bouda (D:4)
  3 iguanas
  14 orc wizards
  4 ogre zombies (D:9)
  9 adders
  16 gnolls
  A white imp (D:7)
  3 ufetubi
  A worm (D:3)
  A dart slug (D:3)
  51 orcs
  7 bats
  11 endoplasms
  4 giant cockroaches
  5 goblins
  2 hobgoblins
  2 jackals (D:2)
  10 ball pythons
  2 frilled lizards (D:1)
  2 goblin skeletons (D:9)
  2 goblin zombies (D:9)
  A hobgoblin skeleton (D:9)
  4 hobgoblin zombies (D:9)
  20 kobolds
  An orc skeleton (D:9)
  9 orc zombies (D:9)
  6 rats
394 creatures vanquished.

Vanquished Creatures (others)
  A hound (D:4)
  An adder (D:4)
  An orc (D:4)
  2 fungi (Lair:1)
  A plant (Lair:1)
6 creatures vanquished.

Grand Total: 400 creatures vanquished

Notes
Turn   | Place    | Note
-------+----------+-------------------------------------------
     0 | D:1      | yodak the Minotaur Berserker began the quest for the Orb.
     0 | D:1      | Reached XP level 1. HP: 19/19 MP: 0/0
   190 | D:1      | Reached XP level 2. HP: 26/27 MP: 1/1
   406 | D:1      | Reached ** piety under Trog
  1052 | D:2      | Found a basalt altar of Yredelemnul.
  1183 | D:2      | Reached XP level 3. HP: 24/33 MP: 2/2
  1192 | D:2      | Reached skill level 5 in Axes
  1196 | D:2      | Reached XP level 4. HP: 38/41 MP: 3/3
  1374 | D:2      | Identified the +1 leather armour of Insurance {Dex+4}
  1710 | D:3      | Found Cimukam's Armour Shoppe.
  2478 | D:4      | Reached skill level 5 in Fighting
  2478 | D:4      | Reached XP level 5. HP: 48/48 MP: 4/4
  2528 | D:4      | Found a staircase to the Ecumenical Temple.
  2840 | D:4      | Noticed a lemure
  2841 | D:4      | Noticed a lemure
  2842 | D:4      | Noticed Pikel
  2875 | D:3      | Killed a lemure
  3104 | D:3      | Killed a lemure
  3204 | D:4      | Found a shimmering altar of Xom.
  3212 | D:4      | Reached XP level 6. HP: 56/56 MP: 5/5
  3379 | D:3      | Bought a +0 pair of gloves of strength for 138 gold pieces
  3522 | D:4      | Found a bloodstained altar of Trog.
  3633 | D:4      | HP: 3/85 [lemure[Pikel] (8)]
  3634 | D:4      | Killed Pikel
  3635 | D:4      | Reached XP level 7. HP: 3/64 MP: 6/6
  4042 | D:5      | Entered Level 5 of the Dungeon
  4513 | D:5      | Reached XP level 8. HP: 61/73 MP: 7/7
  4635 | D:5      | Noticed Dowan
  4636 | D:5      | Noticed Duvessa
  4651 | D:5      | Killed Dowan
  4651 | D:5      | Reached *** piety under Trog
  4696 | D:5      | Killed Duvessa
  4697 | D:5      | Reached skill level 10 in Axes
  4943 | D:5      | Found an opulent altar of Gozag.
  4944 | D:5      | Found an opulent altar of Gozag.
  4944 | D:5      | Found an opulent altar of Gozag.
  5041 | D:5      | Found an opulent altar of Gozag.
  6764 | D:6      | Reached XP level 9. HP: 72/83 MP: 8/8
  7524 | D:7      | Reached **** piety under Trog
  7562 | D:7      | Noticed Maggie
  7666 | D:7      | Killed Maggie
  7667 | D:7      | Reached skill level 10 in Fighting
  8346 | D:8      | Noticed Prince Ribbit
  8375 | D:8      | Noticed Amaemon
  8375 | D:8      | Noticed an orange demon
  8391 | D:7      | Reached XP level 10. HP: 87/94 MP: 9/9
  8416 | D:7      | Killed Amaemon
  8416 | D:7      | HP: 6/141 [poisoned by Amaemon]
  8421 | D:7      | Killed Prince Ribbit
  8858 | D:8      | Killed an orange demon
  8972 | D:8      | Reached skill level 15 in Axes
  9376 | D:8      | You fall into a shaft and drop 3 floors!
  9579 | D:11     | Found a staircase to the Lair.
  9741 | D:11     | Noticed a manticore
  9751 | D:11     | Killed a manticore
 10012 | D:10     | Entered Level 10 of the Dungeon
 10248 | D:8      | Found a blossoming altar of Fedhas.
 10252 | D:8      | Found a white marble altar of Elyvilon.
 10254 | D:8      | Found a basalt altar of Yredelemnul.
 10255 | D:8      | Found a stormy altar of Qazlal.
 10255 | D:8      | Found a hide-covered altar of Uskayaw.
 10257 | D:8      | Found an ornate altar of the Wu Jian Council.
 10499 | D:9      | Found a staircase to the Orcish Mines.
 10771 | D:9      | Found Tamem's Antique Weapon Shop.
 10885 | D:9      | Reached XP level 11. HP: 102/104 MP: 10/10
 10916 | D:9      | Reached ***** piety under Trog
 11225 | D:9      | Found the +10 zealot's sword {holy, *Rage rN+ EV+3}
 11969 | D:10     | Found Essusyto's Book Boutique.
 12196 | D:10     | Reached skill level 5 in Armour
 12800 | D:11     | Reached skill level 5 in Dodging
 13418 | Lair:1   | Entered Level 1 of the Lair of Beasts
 13436 | Lair:1   | Noticed a catoblepas
 13451 | Lair:1   | Killed a catoblepas
 14673 | Lair:1   | Noticed a lindwurm
 14691 | Lair:1   | Killed a lindwurm
 14691 | Lair:1   | Identified the +7 dagger "Etufasots" {flame, Fly rElec rN+}
                  | (Trog gifted it to you on level 1 of the Lair of Beasts)
 14691 | Lair:1   | Received a gift from Trog
 14802 | Lair:1   | Noticed a boulder beetle
 14808 | Lair:1   | Reached XP level 12. HP: 116/116 MP: 11/11
 14823 | Lair:1   | Killed a boulder beetle
 15268 | Lair:1   | Noticed a five-headed hydra
 15598 | Orc:1    | Entered Level 1 of the Orcish Mines
 15991 | Orc:1    | Found a transporter.
 16079 | Orc:1    | Found a transporter.
 16084 | Orc:1    | Noticed kalagan's ghost (journeyman DECj)
 16149 | Orc:2    | Entered Level 2 of the Orcish Mines
 16149 | Orc:2    | Found a staircase to the Elven Halls.
 16288 | Orc:2    | Noticed a two-headed ogre
 16288 | Orc:2    | Noticed a two-headed ogre
 16290 | Orc:2    | Noticed a two-headed ogre
 16290 | Orc:2    | Noticed an ogre mage
 16414 | Orc:2    | Noticed a two-headed ogre
 17020 | Orc:2    | Noticed a two-headed ogre
 17054 | Orc:1    | Killed a two-headed ogre
 17124 | Orc:2    | Noticed a two-headed ogre
 17185 | Orc:1    | Killed a two-headed ogre
 17407 | Orc:1    | Reached skill level 15 in Fighting
 17669 | Orc:2    | Noticed a two-headed ogre
 17675 | Orc:2    | Killed a two-headed ogre
 17676 | Orc:2    | Reached skill level 10 in Armour
 17676 | Orc:2    | Noticed an ogre mage
 17721 | Orc:2    | Killed an ogre mage
 17921 | Orc:2    | Killed a two-headed ogre
 18006 | Orc:2    | Killed a two-headed ogre
 18023 | Orc:2    | Found Fakhlim's Magic Scroll Shoppe.
 18044 | Orc:2    | Found Daecek's Book Boutique.
 18055 | Orc:2    | Found Toycwet's Assorted Antiques.
 18062 | Orc:2    | Found Goilat's Magic Scroll Shoppe.
 18102 | Orc:2    | Noticed a two-headed ogre
 18115 | Orc:2    | Killed a two-headed ogre
 18136 | Orc:2    | Noticed Josephine
 18151 | Orc:2    | Reached XP level 13. HP: 27/127 MP: 12/12
 18160 | Orc:2    | Killed Josephine
 18161 | Orc:2    | Reached skill level 10 in Dodging
 19179 | D:10     | Bought a manual of Axes for 960 gold pieces
 19420 | Orc:1    | Killed kalagan's ghost
 19435 | Orc:1    | Gained mutation: Armour fits poorly on your strangely
                  | shaped body. [a neqoxec]
 19440 | Orc:1    | Gained mutation: You are frail. (-10% HP) [a neqoxec]
 19449 | Orc:1    | Identified the ring "Iximey" {rC+ Str+2 Int+6}
 19525 | Elf:1    | Entered Level 1 of the Elven Halls
 19555 | Orc:2    | HP: 4/115 [+2 vorpal war axe (4)]
 19555 | Orc:2    | Slain by a +2 vorpal war axe

Illustrated notes

Levels and vault maps discovered:
D:1:      minmay_arrival_diagonal_passages, layout_loops_ring,
          minmay_parallelograms
D:2:      layout_rooms, basic_altar, kennysheep_decorative_pillar
D:3:      layout_basic, serial_shops, shop
D:4:      layout_gridville, xom_confusion_cloud, lemuel_tele_altar,
          temple_fountains, uniq_pikel
D:5:      layout_basic, nicolae_gozag_conspicuous_consumption,
          dreamdust_wishing_well, uniq_duvessa
D:6:      layout_rooms
D:7:      layout_gridville, uniq_maggie
D:8:      layout_cave_pools, minitemple, glass_columns_b,
          kennysheep_generic_room_12, uniq_prince_ribbit1, uniq_amaemon
D:9:      layout_stronghold, zombieorc1_lemuel, serial_shops,
          nicolae_stop_n_shop_1
D:10:     layout_rooms, serial_shops, shop
D:11:     layout_gridville, erik_lair_orcish_takeover
Lair:1:   layout_small_grid, minmay_shattered_shrine,
          infiniplex_staircase_pool_2, grunt_megastairs_5
Orc:1:    layout_diamond_mine, gammafunk_ghost_stat_death, serial_shops,
          nicolae_shop_stone, uniq_snorg
Orc:2:    st_orc_open, layout_caves, led_sif_book, uniq_josephine
Elf:1:    eino_elf_arrival_customs, layout_rooms,
          portal_desolation_entry_nicolae_slug, serial_shops, shop,
          nicolae_shop_stone, minivault_28, lemuel_upstairs_altar

Skill      XL: |  1  2  3  4  5  6  7  8  9 10 11 12 13 |
---------------+----------------------------------------+-----
Axes           | 4 5 6 9 12 14 16 | 16.1
Fighting       | 4 5 6 7 9 10 12 13 15 16 | 16.1
Armour         | 3 7 10 11 | 11.5
Dodging        | 3 7 9 10 | 10.5

Action                   |  1- 3 |  4- 6 |  7- 9 | 10-12 | 13-15 || total
-------------------------+-------+-------+-------+-------+-------++-------
Melee: Hand axe          |    68 |   147 |   221 |   549 |    44 ||  1029
       Headbutt          |    11 |    11 |    47 |   132 |    14 ||   215
       Punch             |       |     5 |     4 |     3 |     2 ||    14
       Battleaxe         |       |       |       |       |    39 ||    39
Invok: Berserk           |     1 |     1 |     5 |     6 |     1 ||    14
       Trog's Hand       |       |     1 |     3 |     4 |       ||     8
  Use: Potion            |       |     3 |       |     3 |     6 ||    12
       Scroll            |       |       |     9 |    14 |     1 ||    24
 Stab: Sleeping          |       |     1 |       |       |       ||     1
Armor: Animal skin       |    14 |       |       |       |       ||    14
       Chain mail        |     6 |    10 |       |       |       ||    16
       Leather armour    |       |    36 |    47 |    67 |       ||   150
       Skin              |       |       |       |    10 |       ||    10
       Plate armour      |       |       |       |    85 |    55 ||   140
Dodge: Dodged            |    49 |    83 |   162 |   264 |    45 ||   603
Block: Other             |       |       |       |    43 |    18 ||    61
       Reflection        |       |       |       |       |     2 ||     2
